 Dungeon Crawl Stone Soup version 0.30-a0-622-gddc90eaa04 (webtiles) character file.

Game seed: 3951751891502883671

440 voltaire321 the Trooper (level 6, -4/49 HPs)
             Began as a Demonspawn Fighter on Jan 10, 2023.
             Slain by a river rat (8 damage)
             ... summoned by Eustachio
             ... on level 4 of the Dungeon.
             The game lasted 00:05:53 (2472 turns).

voltaire321 the Trooper (Demonspawn Fighter)        Turns: 2472, Time: 00:05:54

Health: -4/49      AC:  7    Str: 18      XL:     6   Next: 70%
Magic:  6/6        EV: 15    Int: 12      God:
Gold:   153        SH:  0    Dex: 10 (12) Spells: 5/5 levels left

rFire   . . .      SeeInvis .    a - +0 war axe
rCold   . . .      Faith    .    (no shield)
rNeg    . . .      Spirit   .    b - +0 scale mail
rPois   .          Reflect  .    (no helmet)
rElec   .          Harm     .    (no cloak)
rCorr   .          Rampage  .    (no gloves)
Will    .....                    (no boots) Stlth
                                 (no amulet)
HPRegen 0.28/turn                i - +5 ring of evasion
MPRegen 0.10/turn                (no ring)

@: no status effects
A: powered by death 1, big brain 1, demonic touch 2
a: no special abilities


You were on level 4 of the Dungeon.
You visited 1 branch of the dungeon, and saw 4 of its levels.

You collected 153 gold pieces.

Inventory:

Hand Weapons
 a - a +0 war axe (weapon)
Armour
 b - a +0 scale mail (worn)
 c - a +0 buckler
Jewellery
 i - a +5 ring of evasion (left hand)
 t - a +4 ring of protection
Wands
 s - a wand of polymorph (9)
Scrolls
 h - 3 scrolls of noise {unknown}
 j - 3 scrolls of identify {unknown}
 k - 2 scrolls of enchant weapon {unknown}
 l - 2 scrolls of poison {unknown}
 o - a scroll of enchant armour {unknown}
 p - a scroll of teleportation {unknown}
Potions
 d - a potion of might
 e - 2 potions of curing {unknown}
 f - a potion of invisibility {unknown}
 g - 2 potions of heal wounds {unknown}
 m - a potion of berserk rage {unknown}
 n - a potion of degeneration {unknown}
 q - 2 potions of mutation {unknown}
 r - a potion of lignification {unknown}


   Skills:
 + Level 4.4 Fighting
 + Level 3.5 Axes
 + Level 4.0 Armour
 + Level 2.8 Dodging
 - Level 3.1 Shields


You had 5 spell levels left.
You didn't know any spells.
Your spell library contained the following spells:

 Spells                   Type           Power      Damage    Failure   Level
 Necrotise                Necr           0%         1d4       69%         1
 Vampiric Draining        Necr           0%         2d6       96%         3
 Agony                    Necr           0%         N/A       100%        5


Dungeon Overview and Level Annotations

Branches:
Dungeon (4/15)
 Temple: D:4-7

Altars:
Trog

Annotations:
D:4 Eustachio


Innate Abilities, Weirdness & Mutations

You regenerate a little health from kills.
You have an unusually large brain. (Int +2)
Your touch may inflict irresistible damage on your foes.


Message History

* * * LOW HITPOINT WARNING * * *
You feel clumsy.
The quasit claws you but does no damage.
The quasit closely misses you. x2; The quasit misses you.
The quasit claws you.
* * * LOW HITPOINT WARNING * * *
Eustachio hits you but does no damage. The ufetubus completely misses you.
The ufetubus hits you but does no damage.
The river rat barely misses you. The quasit misses you.
The quasit barely misses you. x2; The quokka barely misses you.
The quasit bites you but does no damage.
The quasit claws you but does no damage. x2
Eustachio hits you with a +0 falchion.
* * * LOW HITPOINT WARNING * * *
You barely miss Eustachio.
Eustachio is heavily wounded.
You closely miss the quasit. You slash the ufetubus!
You kill the ufetubus!
The ufetubus disappears in a puff of smoke!
You hit the quasit. You hit the quokka. You barely miss the river rat.
The quasit bites you.
* * * LOW HITPOINT WARNING * * *
The quasit claws you but does no damage. x2
The quasit barely misses you.
The quasit claws you but does no damage.
The quasit misses you.
The quokka bites you but does no damage.
The river rat bites you.
* * * LOW HITPOINT WARNING * * *
Eustachio closely misses you. The quasit closely misses you.
The quasit misses you. The quasit barely misses you.
The quasit bites you but does no damage.
The quasit barely misses you. The quasit closely misses you.
You hit Eustachio. Your touch misses Eustachio.
Eustachio is severely wounded.
You slash the quokka!
You kill the quokka!
The quokka's corpse disappears in a puff of smoke!
You closely miss the river rat. You closely miss the quasit.
You miss the quasit. The river rat bites you!
You die...

##+## ##...##
##.....## ##.......##
#..§.§....#
+..r@5....+ #..
#..@5.....# #..
##.......## ...
##.....## #.# ##...##
#.# ##'## #.# #.# #.#
#######.###
####.####.........####


You could see Eustachio, 2 quasits and a river rat (summoned).

Vanquished Creatures
  A sky beast (D:4)
  An ogre (D:4)
  Jessica (D:3)
  An iguana (D:4)
  An orc wizard (D:4)
  4 gnolls (D:2)
  8 adders (D:2)
  An ufetubus (D:4)
  4 worms
  6 orcs
  5 endoplasms
  3 giant cockroaches
  7 goblins
  3 hobgoblins
  2 jackals (D:1)
  2 quokkas
  2 ball pythons
  4 bats
  2 frilled lizards
  3 kobolds
  3 rats
64 creatures vanquished.

Notes
Turn   | Place    | Note
-------+----------+-------------------------------------------
     0 | D:1      | voltaire321 the Demonspawn Fighter began the quest for the
                  | Orb.
     0 | D:1      | Reached XP level 1. HP: 18/18 MP: 1/1
   201 | D:1      | Gained mutation: You regenerate a little health from kills.
                  | [demonic ancestry]
   201 | D:1      | Reached XP level 2. HP: 24/24 MP: 2/2
   817 | D:2      | Found a bloodstained altar of Trog.
   833 | D:2      | Gained mutation: Your touch may inflict minor irresistible
                  | damage on your foes. [demonic ancestry]
   833 | D:2      | Reached XP level 3. HP: 20/29 MP: 3/3
   915 | D:2      | Reached skill level 1 in Dodging
  1036 | D:2      | Reached XP level 4. HP: 35/35 MP: 4/4
  1409 | D:2      | Gained mutation: You have an unusually large brain. (Int
                  | +2) [demonic ancestry]
  1409 | D:2      | Reached XP level 5. HP: 37/42 MP: 5/5
  1784 | D:3      | Noticed Jessica
  1787 | D:3      | Killed Jessica
  2017 | D:4      | Noticed a sky beast
  2034 | D:4      | Killed a sky beast
  2035 | D:4      | Gained mutation: Your touch may inflict irresistible damage
                  | on your foes. [demonic ancestry]
  2035 | D:4      | Reached XP level 6. HP: 20/48 MP: 6/6
  2451 | D:4      | Noticed Eustachio
  2472 | D:4      | Slain by a river rat

Illustrated notes

Levels and vault maps discovered:
D:1:      dpeg_arrival_central, layout_basic
D:2:      layout_basic, basic_altar, st_stairs_10
D:3:      layout_basic, uniq_jessica
D:4:      layout_loops_corners, gammafunk_ghost_smash, hex_tiny,
          hangedman_decor_peaks_small, uniq_eustachio

Skill      XL: |  1  2  3  4  5  6 |
---------------+-------------------+-----
Axes           | 2 3 |  3.5
Armour         | 3 4 |  4.0
Dodging        | 1 2 |  2.8
Shields        | 3 |  3.1
Fighting       | 4 |  4.4

Action                   |  1- 3 |  4- 6 || total
-------------------------+-------+-------++-------
Melee: War axe           |    83 |   132 ||   215
       Touch             |       |    20 ||    20
       Punch             |       |     1 ||     1
Armor: Scale mail        |    38 |    63 ||   101
Dodge: Dodged            |    70 |   180 ||   250
Block: Buckler           |    26 |       ||    26

Table legend: (Time is in decaauts)
 A = Elapsed time spent in this place.
 B = Non-inter-level travel time spent in this place.
 C = Inter-level travel time spent in this place.
 D = Time resting spent in this place.
 E = Time spent auto-exploring this place.
 F = Levels seen in this place.
 G = Mean time per level.
                   A        B        C        D        E       F      G
               +--------+--------+--------+--------+--------+-----+--------+
         Total |   2554 |   2532 |     22 |     99 |   1771 |   4 |  638.5 |
       Dungeon |   2554 |   2532 |     22 |     99 |   1771 |   4 |  638.5 |
               +--------+--------+--------+--------+--------+-----+--------+

Top non-repeatable levels by time:
     D:1: 830 daAuts
     D:2: 678 daAuts
     D:3: 573 daAuts
     D:4: 472 daAuts
